 Dungeon Crawl Stone Soup version 0.27.1-1-g398f81649c (webtiles) character file.

Game seed: 5242514824102209473

3593 diana the Nimble (level 10, 0/112 HPs)
             Began as a Djinni Fire Elementalist on Sept 17, 2021.
             Slain by a wolf (7 damage)
             ... led by Grum
             ... on level 10 of the Dungeon.
             The game lasted 00:20:08 (10111 turns).

diana the Nimble (Djinni Fire Elementalist)        Turns: 10111, Time: 00:20:09

Health: 0/112      AC: 25    Str:  7    XL:     10   Next: 31%
Gold:   363        EV:  2    Int: 26    God:
                   SH:  0    Dex: 20

rFire    . . .     SeeInvis .   (no weapon)
rCold    . . .     Faith    .   (no shield)
rNeg     + + +     Spirit   .   (armour currently unavailable)
rPois    ∞         Reflect  .   (helmet currently unavailable)
rElec    .         Harm     .   (cloak currently unavailable)
rCorr    .         Rampage  .   (gloves currently unavailable)
Will     +....     NoTele   +   (boots unavailable)
Stlth    ++........             (no amulet)
HPRegen  0.28/turn              m - +6 ring of dexterity
MPRegen  0.00/turn              k - +6 ring of intelligence

@: tree-form
A: stationary, stasis, torment immunity, boosted hp, sickness immunity, (fire
resistance 2), (cold vulnerability 1), float, innate caster, hp casting, extra
vitality 1
a: no special abilities


You were on level 10 of the Dungeon.
You were a tree.
You visited 1 branch of the dungeon, and saw 8 of its levels.
You also visited: Sewer.

You collected 363 gold pieces.

Inventory:

Armour
 a - a +0 robe (melded)
 f - a +0 pair of gloves (melded)
 g - a +0 cloak (melded)
Jewellery
 i - a +4 ring of slaying
 k - a +6 ring of intelligence (right branch)
 m - a +6 ring of dexterity (left branch)
Wands
 p - a wand of paralysis (20)
 q - a wand of flame (38)
 z - a wand of mindburst (14)
Scrolls
 b - 2 scrolls of teleportation
 d - a scroll of identify
 e - 3 scrolls of amnesia
 j - a scroll of enchant armour
 l - 2 scrolls of noise
 v - 2 scrolls of fear {unknown}
 y - a scroll of fog {unknown}
Potions
 c - a potion of ambrosia {unknown}
 h - a potion of magic
 o - a potion of lignification
 r - a potion of might {unknown}
 t - a potion of invisibility {unknown}
 u - a potion of haste {unknown}
 w - a potion of cancellation {unknown}
 x - 2 potions of flight {unknown}


   Skills:
 + Level 7.0 Fighting
 * Level 11.0 Dodging
 - Level 1.5 Stealth
 + Level 5.9 Spellcasting


You couldn't memorise any spells.
You knew the following spells:

 Your Spells              Type           Power      Damage    Failure   Level
a - Foxfire               Conj/Fire      100%       2x1d9     1%          1
b - Conjure Flame         Conj/Fire      38%        6-21      1%          3
c - Inner Flame           Hex/Fire       38%        N/A       1%          3
d - Sticky Flame          Conj/Fire      38%        2d6       6%          4
e - Fireball              Conj/Fire      19%        3d9       17%         5
f - Freeze                Ice            100%       1d11      1%          1
g - Wereblood             Tmut           38%        N/A       1%          2
h - Slow                  Hex            38%        N/A       1%          2
i - Leda's Liquefaction   Hex/Erth       19%        N/A       6%          4
Your spell library was empty.

Dungeon Overview and Level Annotations

Branches:
Dungeon (10/15)             Sewer (visited)
 Temple: D:4-7         Lair: D:8-11         Orc: D:9-12

Altars:
Gozag
Uskayaw
Vehumet

Annotations:
D:6 exclusion: statue


Innate Abilities, Weirdness & Mutations

You are a tree.
Your roots penetrate the ground, keeping you stationary.
You cannot be teleported.
You are immune to unholy pain and torment.
Your maximum health is greatly increased.
Your equipment is partially melded.
You are immune to sickness and miasma.
You are immune to poison.
((Your flesh is very heat resistant. (rF++)))
((You are vulnerable to cold. (rC-)))
You float through the air rather than walking.
You learn spells naturally, not from books.
Your magical power is your life essence.
You have superior vitality. (+4 HP)


Message History

The foxfire hits Grum but does no damage.
Grum is almost dead.
The foxfire hits Grum.
You kill Grum!
Your Fighting skill increases to level 7!
Your Dodging skill increases to level 11!
Casting: Foxfire (safe; 1% risk of failure)
Confirm with . or Enter, or press ? or * to list all spells.
You conjure some foxfire!
* * * LOW HITPOINT WARNING * * *
The wolf bites you.
* * * LOW HITPOINT WARNING * * *
Unknown command.
You feel better.
The foxfire hits the wolf.
The wolf is moderately wounded.
The foxfire hits the wolf.
The wolf is heavily wounded.
The wolf bites you but does no damage.
Casting: Foxfire (safe; 1% risk of failure)
Confirm with . or Enter, or press ? or * to list all spells.
Aiming: Freeze (safe; 1% risk of failure)
Press: ? - help, Shift-Dir - straight line, f - wolf
Aim: a wolf (heavily wounded)
You freeze the wolf.
The wolf is severely wounded.
* * * LOW HITPOINT WARNING * * *
The wolf bites you.
* * * LOW HITPOINT WARNING * * *
The wolf completely misses you.
Unknown command.
Casting: Freeze (safe; 1% risk of failure)
Confirm with . or Enter, or press ? or * to list all spells.
Aiming: Freeze (safe; 1% risk of failure)
Press: ? - help, Shift-Dir - straight line, f/p - wolf
Aim: a wolf (severely wounded)
You freeze the wolf.
The wolf is severely wounded.
* * * LOW HITPOINT WARNING * * *
The wolf bites you!
You die...

.#..'..# #.......#.........#
.#..#..# #...h...#.........#
##..##.## ####+###'##..####...#
.....#..# #..#..#..#...#......#
.....'..# #..#(.#..#...#......#
.....#..# #..#..#..#...#......#
#...#####+##..##.#)##...####...#
........#........h.#....#..#...#
........#.......♣..#....#..#...#
#########..........######..#...#
...............................#
...............................#
...............................#
...............................#
...............................#
.........##########+##+##..#####
.........# #..# #..#


You could see a wolf.

Vanquished Creatures
  Grinder (D:5)
  5 yaks (D:10)
  Eustachio (D:5)
  Grum (D:10)
  An acid dragon (D:7)
  A water moccasin (D:6)
  2 ogres (D:5)
  3 black bears
  2 necrophages
  A phantom (D:6)
  2 wolves (D:10)
  2 bullfrogs
  2 scorpions (D:6)
  A water moccasin zombie (D:6)
  A gnoll sergeant (D:6)
  A water moccasin skeleton (D:4)
  A howler monkey (D:4)
  A bullfrog zombie (D:5)
  A jelly (D:4)
  3 hounds
  2 orc priests
  An iguana (D:4)
  3 bullfrog skeletons
  Ijyb (D:3)
  Natasha (thrice) (D:3)
  6 orc wizards
  A hound skeleton (D:5)
  4 gnolls (D:6)
  6 adders
  2 river rats (D:3)
  An ufetubus (D:5)
  3 worms
  3 dart slugs (D:1)
  28 orcs
  10 ball pythons
  5 endoplasms
  9 giant cockroaches
  5 goblins
  6 hobgoblins
  2 jackals (D:2)
  6 kobolds
  5 quokkas
  6 bats
  11 frilled lizards
  6 rats
168 creatures vanquished.

Vanquished Creatures (collateral kills)
  11 foxfires
11 creatures vanquished.

Vanquished Creatures (others)
  1044 foxfires
  12 plants (D:3)
1056 creatures vanquished.

Grand Total: 1235 creatures vanquished

Notes
Turn   | Place    | Note
-------+----------+-------------------------------------------
     0 | D:1      | diana the Djinni Fire Elementalist began the quest for the
                  | Orb.
     0 | D:1      | Reached XP level 1. HP: 15/15 MP: 0/0
   230 | D:1      | Reached XP level 2. HP: 18/22 MP: 0/0
   856 | D:1      | Reached skill level 3 in Dodging
   920 | D:1      | Reached skill level 1 in Fighting
   920 | D:1      | Reached XP level 3. HP: 24/27 MP: 0/0
   920 | D:1      | Learned a level 1 spell: Freeze
  2439 | D:2      | Reached XP level 4. HP: 29/32 MP: 0/0
  2685 | D:3      | Noticed Ijyb
  2701 | D:3      | Killed Ijyb
  2815 | D:3      | Found a faded altar of an unknown god.
  3068 | D:3      | Reached skill level 4 in Dodging
  3068 | D:3      | Reached XP level 5. HP: 29/38 MP: 0/0
  3068 | D:3      | Learned a level 2 spell: Wereblood
  3094 | D:3      | Noticed Natasha
  3104 | D:3      | Killed Natasha
  3127 | D:3      | Found a glowing drain.
  3210 | Sewer    | Entered a sewer
  3732 | Sewer    | Noticed a bullfrog
  3742 | Sewer    | Killed a bullfrog
  3743 | Sewer    | Reached skill level 5 in Dodging
  3743 | Sewer    | Reached XP level 6. HP: 40/45 MP: 0/0
  4039 | D:3      | Noticed Natasha
  4044 | D:3      | Killed Natasha
  4303 | D:3      | Noticed Natasha
  4309 | D:3      | Killed Natasha
  4310 | D:3      | Reached XP level 7. HP: 47/50 MP: 0/0
  4310 | D:3      | Learned a level 2 spell: Slow
  5060 | D:4      | Reached skill level 6 in Dodging
  5549 | D:5      | Entered Level 5 of the Dungeon
  5850 | D:5      | Reached XP level 8. HP: 55/58 MP: 0/0
  5963 | D:5      | Noticed Grinder
  5982 | D:5      | Paralysed by Grinder for 5 turns
  5992 | D:5      | Killed Grinder
  5993 | D:5      | Reached skill level 7 in Dodging
  6083 | D:5      | Noticed Eustachio
  6093 | D:5      | Killed Eustachio
  6094 | D:5      | Reached skill level 8 in Dodging
  6578 | D:5      | Reached XP level 9. HP: 62/64 MP: 0/0
  6578 | D:5      | Learned a level 4 spell: Leda's Liquefaction
  6600 | D:5      | Reached skill level 5 in Fighting
  6881 | D:5      | Found an opulent altar of Gozag.
  7175 | D:6      | Reached skill level 9 in Dodging
  7286 | D:6      | Reached skill level 5 in Spellcasting
  8119 | D:6      | Found a hide-covered altar of Uskayaw.
  8322 | D:7      | Reached skill level 10 in Dodging
  8508 | D:7      | You are sucked into a shaft and drop 3 floors!
  8508 | D:10     | Entered Level 10 of the Dungeon
  8979 | D:10     | Reached XP level 10. HP: 17/73 MP: 0/0
  9715 | D:10     | Noticed a gargoyle
  9865 | D:10     | Noticed a two-headed ogre
 10084 | D:10     | Noticed Grum
 10107 | D:10     | Killed Grum
 10108 | D:10     | Reached skill level 11 in Dodging
 10108 | D:10     | HP: 5/112 [wolf[Grum] (6)]
 10111 | D:10     | Slain by a wolf

Illustrated notes

Levels and vault maps discovered:
D:1:      dpeg_arrival_rhombus, layout_basic, minivault_4, lemuel_old_faithful
D:2:      layout_rooms
D:3:      layout_rooms, dilly_ecumenical_altar_fadedgnrine,
          portal_sewer_entry_c, guppyfry_early_lair_pool, uniq_ijyb,
          uniq_natasha
D:4:      layout_rooms, serial_glass, glass_columns_a, glass_columns_a,
          glass_columns_b, glass_columns_a, glass_columns_a, glass_columns_a
D:5:      layout_loops_ring, marbit_many_paths, uniq_grinder, uniq_eustachio
D:6:      layout_gridville, nicolae_uskayaw_dance_hall, vehumet_statue
D:7:      layout_loops_ring, gammafunk_temple_overflow_elements,
          minmay_temple_entry_nine_rooms, serial_shops,
          nicolae_shop_competitors_out_of_business, grunt_ministairs_6,
          nicolae_elemental_shop, david_defended_altar_orc
D:10:     layout_grid_maze, uniq_grum

Skill      XL: |  1  2  3  4  5  6  7  8  9 10 |
---------------+-------------------------------+-----
Dodging        | 3 4 5 6 8 10 11 | 11.0
Fighting       | 1 2 3 4 6 7 |  7.0
Spellcasting   | 3 4 5 |  5.9
Stealth        | |  1.5

Action                   |  1- 3 |  4- 6 |  7- 9 | 10-12 || total
-------------------------+-------+-------+-------+-------++-------
Melee: Unarmed           |       |       |     7 |       ||     7
 Cast: Foxfire           |   122 |   128 |   359 |    45 ||   654
       Freeze            |       |    18 |       |     2 ||    20
       Slow              |       |       |     5 |     6 ||    11
       Conjure Flame     |       |       |       |     1 ||     1
  Use: Scroll            |       |       |     5 |     3 ||     8
       Potion            |       |       |       |     4 ||     4
Armor: Robe              |     2 |     8 |     9 |     1 ||    20
       Skin              |       |       |       |     2 ||     2
Dodge: Dodged            |     1 |    20 |    51 |    40 ||   112
